Map: Kairos Junction LE

Players

Odin

  • Race: Protoss Protoss
  • League: Gold
  • Spawn Location: 5:00

keyser - Winner!

  • Race: Terran Terran
  • League: Gold
  • Spawn Location: 11:00

VOD

Have the link to the VOD?

Description

Time

  • Played on: Dec. 11, 2018, 4:38 a.m.
  • Length: 4:48
Show
View Real Time Build Order
Export as new Build Order

Odin Protoss 

Build Orders: Cannon Rush 

Get SALT Encoding   

  12  0:03  Probe  
  13  0:15  Pylon  
  13  0:18  Probe  
  14  0:34  Forge  
  14  1:11  Pylon  
  14  1:24  Probe, Pylon  
  14  1:25  Pylon  
  13  1:26  Pylon  
  13  1:32  Probe  
  15  1:42  Photon Cannon  
  15  1:48  Photon Cannon  
  15  1:52  Photon Cannon  
  15  2:10  Photon Cannon  
  15  2:12  Photon Cannon  
  14  2:27  Gateway  
  14  2:29  Probe  
  14  2:30  Assimilator  
  14  2:35  Assimilator  
  14  2:36  Pylon  
  15  2:39  Probe  
  16  2:55  Probe  
  17  3:07  Photon Cannon  
  17  3:08  Probe  
  18  3:19  Cybernetics Core  
  18  3:22  Probe  
  19  3:34  Probe  
  20  3:46  Probe  
  20  3:48  Pylon  
  21  3:55  Adept  
  23  3:59  Probe  
  24  4:10  Stargate  
  24  4:11  Probe  
  25  4:32  Photon Cannon  
  25  4:33  Shield Battery  
  25  4:35  Shield Battery  
  25  4:37  Shield Battery  
Show
View Real Time Build Order
Export as new Build Order

keyser Terran - Winner!

Build Orders:  

Get SALT Encoding   

  12  0:01  SCV  
  13  0:16  Supply Depot  
  13  0:17  SCV  
  14  0:34  SCV  
  15  0:39  Barracks  
  15  0:48  Refinery  
  15  0:51  SCV  
  16  1:03  SCV  
  17  1:05  Refinery  
  17  1:15  SCV  
  18  1:29  Supply Depot  
  18  1:32  Bunker  
  18  1:36  Marine  
  19  1:54  Marine  
  20  2:09  Factory  
  20  2:12  Marine  
  21  2:30  Marine  
  22  2:43  Orbital Command  
  22  2:47  Marine  
  23  2:55  Factory Tech Lab  
  23  2:56  Starport  
  23  3:08  Marine  
  24  3:26  Marine, Siege Tank  
  28  3:28  SCV  
  28  3:33  Starport Tech Lab  
  29  4:08  Marine, Supply Depot  
  30  4:12  Bunker  
  30  4:17  Bunker  
  30  4:30  Supply Depot  
  33  4:35  Bunker  
Tags
 
Add a new tag
Caveats
  • Supply blocks, unpowered buildings, or Contaminate may cause inaccurate times.
  • Supply counts are checked every 10 seconds.